 Dungeon Crawl Stone Soup version 0.27-a0-1139-g28e009f8a6 (webtiles) character file.

Game seed: 10916942301440931987

118 Anon1729 the Slasher (level 5, -3/41 HPs)
             Began as a Barachi Gladiator on May 7, 2021.
             Slain by a kobold brigand
             ... wielding a +0 dagger
              (9 damage)
             ... on level 2 of the Dungeon.
             The game lasted 00:01:38 (1831 turns).

Anon1729 the Slasher (Barachi Gladiator)            Turns: 1831, Time: 00:01:39

Health: -3/41      AC:  4    Str: 16    XL:     5   Next: 2%
Magic:  5/5        EV: 13    Int: 14    God:
Gold:   26         SH:  0    Dex: 14    Spells: 4/4 levels left

rFire    . . .     SeeInvis .   a - +0 long sword
rCold    . . .     Faith    .   (no shield)
rNeg     . . .     Spirit   .   b - +0 leather armour
rPois    .         Reflect  .   c - +0 helmet
rElec    .         Harm     +   g - scarf {harm}
rCorr    .         Rampage  .   (no gloves)
Will     .....                  (no boots)
Stlth    +.........             (no amulet)
HPRegen  0.13/turn              f - +6 ring of intelligence
MPRegen  0.09/turn              (no ring)

@: slow
A: amphibious, slowness 1, strong legs 1, +LOS
a: Hop


You were on level 2 of the Dungeon.
You visited 1 branch of the dungeon, and saw 3 of its levels.

You collected 26 gold pieces.

Inventory:

Hand Weapons
 a - a +0 long sword (weapon)
Missiles
 d - 3 throwing nets (quivered)
Armour
 b - a +0 leather armour (worn)
 c - a +0 helmet (worn)
 g - a scarf of harm (worn)
Jewellery
 f - a +6 ring of intelligence (left hand)
Scrolls
 h - a scroll of teleportation {unknown}
 i - a scroll of enchant weapon {unknown}
 j - 2 scrolls of identify {unknown}
 k - a scroll of fog {unknown}
Potions
 e - 2 potions of curing {unknown}


   Skills:
 + Level 3.6 Fighting
 * Level 5.4 Long Blades
 - Level 2.0 Throwing
 + Level 4.1 Dodging


You had 4 spell levels left.
You didn't know any spells.
Your spell library contained the following spells:

 Spells                   Type           Power      Damage    Failure   Level
 Confusing Touch          Hex            0%         N/A       71%         3
 Gell's Gravitas          Tloc           0%         N/A       71%         3
 Petrify                  Tmut/Erth      0%         N/A       98%         4
 Metabolic Englaciation   Hex/Ice        0%         N/A       100%        5
 Yara's Violent Unravell  Hex/Tmut       0%         3d3       100%        5


Dungeon Overview and Level Annotations

Branches:
Dungeon (3/15)

Altars:

Shops:
D:1 *

Annotations:
D:2 Sigmund


Innate Abilities, Weirdness & Mutations

You are amphibious.
You cover ground slowly.
You can hop short distances.
You have an extended range of vision and can be seen from far away.


Message History

You hit the hobgoblin.
The hobgoblin is moderately wounded.
The hobgoblin hits you but does no damage.
You slash the hobgoblin!
You kill the hobgoblin!
The kobold brigand throws a poisoned dart.
The poisoned dart closely misses you. The goblin closely misses you.
The goblin hits you but does no damage.
You barely miss the goblin. The goblin barely misses you.
You riposte.
You hit the goblin.
The goblin is severely wounded.
You barely miss the goblin.
The goblin is severely wounded.
An adder comes into view.
The goblin misses you.
You barely miss the goblin.
The goblin is severely wounded.
The adder hisses angrily.
The goblin barely misses you.
You hit the goblin.
The goblin is severely wounded.
The goblin closely misses you.
You riposte.
You hit the goblin.
You kill the goblin!
The kobold brigand hits you with a +0 dagger!
The kobold brigand hits you with a +0 dagger.
There is a stone staircase leading up here.
The kobold brigand hits you with a +0 dagger.
* * * LOW HITPOINT WARNING * * *
You climb upwards.
Level annotation: Sigmund
There is a stone staircase leading down here.
You slash the kobold brigand!
The kobold brigand is heavily wounded.
The kobold brigand hits you with a +0 dagger.
* * * LOW HITPOINT WARNING * * *
The kobold brigand misses you.
You slash the kobold brigand!
The kobold brigand is almost dead.
The kobold brigand hits you with a +0 dagger!
You die...

#.#### #.# #....# #.#
######### #....# #.#
#####.......# #....###.#
#...#.......# #....'...#
#...#(......# #....#####
#...#.......######....#
'...'............K>...#
#...#.......####@##...#
#...######### #.##...# #...#
#.###.############ #...# #.#
#............. #...##########
#.# ##############
####.........# #.# ##...<
...'.........# #.# #.....
####.........# #.# #####. #
#.........###.###############.


You could see a kobold brigand.

Vanquished Creatures
  Jessica (D:2)
  Natasha (D:2)
  2 adders (D:2)
  2 dart slugs
  8 bats
  4 endoplasms
  3 goblins
  5 hobgoblins
  3 kobolds
  A quokka (D:1)
  3 ball pythons
  6 frilled lizards
  7 rats
46 creatures vanquished.

Vanquished Creatures (others)
  A rat (D:1)
1 creature vanquished.

Grand Total: 47 creatures vanquished

Notes
Turn   | Place    | Note
-------+----------+-------------------------------------------
     0 | D:1      | Anon1729 the Barachi Gladiator began the quest for the Orb.
     0 | D:1      | Reached XP level 1. HP: 17/17 MP: 1/1
    84 | D:1      | Reached skill level 4 in Long Blades
    84 | D:1      | Reached XP level 2. HP: 16/23 MP: 2/2
   216 | D:1      | Found Ywkyxoji's Assorted Antiques.
   542 | D:1      | Found a faded altar of an unknown god.
   728 | D:1      | Reached XP level 3. HP: 21/28 MP: 3/3
  1419 | D:2      | Noticed Natasha
  1425 | D:2      | Killed Natasha
  1426 | D:2      | Reached skill level 5 in Long Blades
  1426 | D:2      | Reached XP level 4. HP: 19/35 MP: 4/4
  1635 | D:2      | Noticed Sigmund
  1712 | D:2      | Noticed Jessica
  1715 | D:2      | Killed Jessica
  1811 | D:3      | Reached XP level 5. HP: 32/41 MP: 5/5
  1816 | D:3      | Noticed a kobold brigand
  1831 | D:2      | Slain by a kobold brigand

Illustrated notes

Levels and vault maps discovered:
D:1:      minmay_arrival_arboretum_small, layout_basic,
          shapermc_ecumenical_altar_mp_highgroup, serial_shops,
          nicolae_shop_temple_entry_statues_fountains
D:2:      layout_basic, uniq_jessica, uniq_sigmund, uniq_natasha
D:3:      layout_rooms, lemuel_tele_altar, kennysheep_generic_room_9,
          uniq_crazy_yiuf_cottage

Skill      XL: |  1  2  3  4 |
---------------+-------------+-----
Long Blades    | 4 5 |  5.4
Fighting       | 3 |  3.6
Dodging        | 4 |  4.1
Throwing       | |  2.0

Action                   |  1- 3 |  4- 6 || total
-------------------------+-------+-------++-------
Melee: Long sword        |    96 |    29 ||   125
 Stab: Sleeping          |     2 |     1 ||     3
Armor: Leather armour    |    42 |     6 ||    48
Dodge: Dodged            |    83 |    23 ||   106
       Rpst.: Long sword |    24 |     7 ||    31

Table legend: (Time is in decaauts)
 A = Elapsed time spent in this place.
 B = Non-inter-level travel time spent in this place.
 C = Inter-level travel time spent in this place.
 D = Time resting spent in this place.
 E = Time spent auto-exploring this place.
 F = Levels seen in this place.
 G = Mean time per level.
                   A        B        C        D        E       F      G
               +--------+--------+--------+--------+--------+-----+--------+
         Total |   2001 |   1977 |     24 |    544 |   1136 |   3 |  667.0 |
       Dungeon |   2001 |   1977 |     24 |    544 |   1136 |   3 |  667.0 |
               +--------+--------+--------+--------+--------+-----+--------+

Top non-repeatable levels by time:
     D:1: 1013 daAuts
     D:2: 947 daAuts
     D:3: 41 daAuts
